 Dungeon Crawl Stone Soup version 0.29.1-12-g30fa7ad0bf (webtiles) character file.

Game seed: 9939719660595847889

112 FexLirch the Changer (level 4, -2/35 HPs)
             Began as a Draconian Transmuter on Dec 28, 2022.
             Slain by a kobold
             ... wielding a +0 short sword
              (3 damage)
             ... on level 2 of the Dungeon.
             The game lasted 00:03:25 (2725 turns).

FexLirch the Changer (Draconian Transmuter)         Turns: 2725, Time: 00:03:25

Health: -2/35      AC:  6    Str: 13    XL:     4   Next: 64%
Magic:  5/7        EV: 12    Int: 15    God:
Gold:   100        SH:  0    Dex: 11    Spells: 1/7 levels left

rFire   . . .      SeeInvis .     - Unarmed
rCold   . . .      Faith    .   (no shield)
rNeg    . . .      Spirit   .   (body armour unavailable)
rPois   .          Reflect  .   (helmet currently unavailable)
rElec   .          Harm     .   (no cloak)
rCorr   .          Rampage  .   h - +0 pair of gloves
Will    .....                   (boots currently unavailable)
Stlth   +.........              (no amulet)
HPRegen 0.11/turn               (no ring)
MPRegen 0.10/turn               (no ring)

@: appendages, wereblooded
A: horns 2, talons 2, AC +5, unfitting armour, cold-blooded
a: End Transformation


You were on level 2 of the Dungeon.
You had temporarily grown beastly horns and talons.
You visited 1 branch of the dungeon, and saw 2 of its levels.

You collected 100 gold pieces.

Inventory:

Armour
 h - a +0 pair of gloves (worn)
Jewellery
 d - a +6 ring of strength
Scrolls
 e - 2 scrolls of teleportation {unknown}
 f - a scroll of fear {unknown}
 g - a scroll of identify {unknown}
 j - a scroll of butterflies {unknown}
 l - a scroll of immolation {unknown}
 m - 4 scrolls of amnesia {unknown}
Potions
 a - a potion of lignification
 b - a potion of magic {unknown}
 c - a potion of mutation {unknown}
 i - a potion of curing {unknown}
 k - a potion of might {unknown}
 n - 2 potions of cancellation {unknown}
 o - a potion of attraction {unknown}


   Skills:
 - Level 1.1 Fighting
 - Level 1.7 Dodging
 + Level 3.9 Unarmed Combat
 - Level 2.0 Spellcasting
 * Level 4.2 Transmutations


You had one spell level left.
You knew the following spells:

 Your Spells              Type           Power      Damage    Failure   Level
a - Beastly Appendage     Tmut           28%        N/A       4%          1
b - Wereblood             Tmut           14%        N/A       6%          2
c - Spider Form           Tmut/Pois      7%         N/A       28%         3

Your spell library contained the following spells:

 Spells                   Type           Power      Damage    Failure   Level
 Magic Dart               Conj           4%         1d3       22%         1
 Searing Ray              Conj           2%         2d4       32%         2
 Ice Form                 Ice/Tmut       7%         N/A       67%         4
 Fulminant Prism          Conj/Hex       0%         3d6       91%         4


Dungeon Overview and Level Annotations

Branches:
Dungeon (2/15)

Altars:


Innate Abilities, Weirdness & Mutations

You have temporarily grown beastly horns and talons.
Your plain brown scales are hard. (AC +5)
You cannot fit into any form of body armour.
You are cold-blooded and may be slowed by cold attacks.


Message History

The gnoll completely misses you.
There is an open door here.
You barely miss the gnoll. You claw the gnoll, but do no damage.
The gnoll hits you but does no damage.
You barely miss the gnoll. Your kick misses the gnoll. You headbutt the gnoll!
Your tail-slap misses the gnoll.
The gnoll is heavily wounded.
The gnoll misses you.
You hit the gnoll. Your kick misses the gnoll.
The gnoll is severely wounded.
The gnoll hits you but does no damage.
You hit the gnoll but do no damage. Your kick misses the gnoll.
The gnoll is severely wounded.
The gnoll hits you but does no damage.
You hit the gnoll.
The gnoll is almost dead.
The gnoll hits you but does no damage.
You hit the gnoll.
You kill the gnoll!
You hit the gnoll but do no damage.
The gnoll is moderately wounded.
The gnoll barely misses you.
You closely miss the gnoll. You headbutt the gnoll.
The gnoll is heavily wounded.
You hit the gnoll.
Your tail-slap misses the gnoll.
The gnoll is severely wounded.
The gnoll barely misses you. The gnoll hits you with a +0 whip!
You hit the gnoll but do no damage. Your kick misses the gnoll.
Your headbutt misses the gnoll.
The gnoll is severely wounded.
The gnoll hits you from afar with a +0 halberd!
The gnoll barely misses you.
You hit the gnoll. Your kick misses the gnoll. You headbutt the gnoll.
You feel a bit better.
You kill the gnoll!
The gnoll hits you from afar with a +0 halberd!
* * * LOW HITPOINT WARNING * * *
The kobold attacks as you move away!
The kobold hits you with a +0 short sword.
You die...

...#
#.#.....##...##........##...
.#.#
#.#..#...........#..##.####.
##.#
#.#..#.###...#####..##..###.
#.#
#......###..##♣.♣##..#......
..#
####.......##..<..##.#..####
### ###.#####...K. ##...#
#.####.g.# ##..# #.#.#♣K♣ ##
##.# #.#.##@##.# #.#
##.#.......# #.#
#####..........# ..#
#..............# ###
#.###..........# #.#
#..........# #.#
#.#####.#### #.#
#.#####.#####>#
###.###.##..).......#


You could see a gnoll and a kobold.

Vanquished Creatures
  An iguana (D:1)
  2 adders (D:2)
  2 gnolls (D:2)
  4 dart slugs
  4 endoplasms
  2 giant cockroaches
  A goblin (D:1)
  4 hobgoblins
  2 quokkas (D:1)
  6 ball pythons
  3 bats
  2 frilled lizards
  7 kobolds
  4 rats
44 creatures vanquished.

Notes
Turn   | Place    | Note
-------+----------+-------------------------------------------
     0 | D:1      | FexLirch the Draconian Transmuter began the quest for the
                  | Orb.
     0 | D:1      | Reached XP level 1. HP: 16/16 MP: 3/3
   362 | D:1      | Reached XP level 2. HP: 21/23 MP: 3/5
   418 | D:1      | Learned a level 2 spell: Wereblood
   831 | D:1      | Reached skill level 3 in Transmutations
  1615 | D:1      | Reached XP level 3. HP: 6/28 MP: 3/6
  1935 | D:2      | Learned a level 3 spell: Spider Form
  2021 | D:2      | Reached XP level 4. HP: 29/35 MP: 4/7
  2497 | D:2      | Reached skill level 4 in Transmutations
  2724 | D:2      | HP: 1/35 [gnoll/+0 halberd (14)]
  2725 | D:2      | Slain by a kobold

Illustrated notes

Levels and vault maps discovered:
D:1:      dpeg_arrival_boxorama, layout_basic, minmay_pentomino_x2
D:2:      layout_loops_cross, grunt_ministairs_8, nicolae_elevator_lobby_plus

Skill      XL: |  1  2  3  4 |
---------------+-------------+-----
Transmutations | 3 4 |  4.2
Fighting       | |  1.1
Dodging        | |  1.7
Unarmed Combat | |  3.9
Spellcasting   | |  2.0

Action                   |  1- 3 |  4- 6 || total
-------------------------+-------+-------++-------
Melee: Unarmed           |    83 |    48 ||   131
       Kick              |    20 |     7 ||    27
       Headbutt          |    15 |     7 ||    22
       Tailslap          |     8 |     1 ||     9
       Punch             |     1 |     2 ||     3
 Cast: Beastly Appendage |    20 |    11 ||    31
       Wereblood         |     6 |     9 ||    15
Armor: Skin              |    33 |    23 ||    56
Dodge: Dodged            |    49 |    41 ||    90
